 Dungeon Crawl Stone Soup version 0.27.1-1-g398f81649c (webtiles) character file.

Game seed: 10196000708402584321

16682 rogsnak the Devastator (level 12, -13/62 HPs)
             Began as a Tengu Fire Elementalist on Sept 5, 2021.
             Was an Elder of Sif Muna.
             Hit by a stone thrown by an orc warlord (22 damage)
             ... on level 11 of the Dungeon.
             The game lasted 00:35:26 (16465 turns).

rogsnak the Devastator (Tengu Fire Elementalist)   Turns: 16465, Time: 00:35:26

Health: -13/62     AC:  9    Str: 10    XL:     12   Next: 40%
Magic:  5/26       EV: 16    Int: 19    God:    Sif Muna [****..]
Gold:   658        SH:  0    Dex: 15    Spells: 20/30 levels left

rFire    + . .     SeeInvis .   K - staff of conjuration
rCold    . . .     Faith    +   (no shield)
rNeg     . . .     Spirit   .   t - +0 leather armour {rF+}
rPois    .         Reflect  .   (helmet restricted)
rElec    .         Harm     .   B - +0 cloak
rCorr    .         Rampage  .   d - +0 pair of gloves
Will     +....                  (boots unavailable)
Stlth    ++........             j - amulet of faith
HPRegen  0.20/turn              a - ring of willpower
MPRegen  0.20/turn              F - +4 ring of protection

@: flying quickly and evasively, quick
A: beak, talons 3, nimble flight
a: Renounce Religion, Channel Magic, Forget Spell, Divine Exegesis


You were on level 11 of the Dungeon.
You worshipped Sif Muna.
Sif Muna was greatly pleased with you.
You visited 2 branches of the dungeon, and saw 12 of its levels.

You collected 658 gold pieces.

Inventory:

Hand Weapons
 G - a +2 whip of electrocution
 H - a +3 battleaxe of freezing
 I - a +2 short sword of electrocution
 O - a +5 scimitar of freezing
 Y - a +2 dagger of venom
Missiles
 m - 4 javelins
 o - 59 poisoned darts
 u - 11 boomerangs
 E - a curare-tipped dart
 P - 4 throwing nets
Armour
 d - a +0 pair of gloves (worn)
 t - a +0 leather armour of fire resistance (worn)
 B - a +0 cloak (worn)
 C - the +2 robe of the Hot Ocelot {Int+4 Dex-5 SInv Archmagi}
   (You found it on level 4 of the Dungeon)

   Int:       It affects your intelligence (+4).
   Dex:       It affects your dexterity (-5).
   SInv:      It lets you see invisible.
   Archmagi:  It increases the power of your magical spells.
 N - +0 steam dragon scales
 X - a +0 troll leather armour
Magical Staves
 K - a staff of conjuration (weapon)
Jewellery
 a - a ring of willpower (left hand)
 b - an amulet of the acrobat
 j - an amulet of faith (around neck)
 D - a ring of see invisible
 F - a +4 ring of protection (right hand)
 M - an amulet of regeneration
Wands
 r - a wand of flame (76)
 W - a wand of mindburst (12)
Scrolls
 c - a scroll of fear {unknown}
 e - 2 scrolls of magic mapping {unknown}
 k - 3 scrolls of enchant armour {unknown}
 l - 6 scrolls of identify {unknown}
 p - 4 scrolls of teleportation {unknown}
 v - a scroll of summoning {unknown}
 y - 3 scrolls of noise {unknown}
 J - a scroll of brand weapon {unknown}
 Q - a scroll of holy word {unknown}
 R - a scroll of vulnerability {unknown}
 S - a scroll of acquirement {unknown}
 T - a scroll of torment {unknown}
Potions
 f - 3 potions of magic {unknown}
 g - a potion of ambrosia {unknown}
 h - a potion of brilliance {unknown}
 i - 9 potions of curing {unknown}
 n - 3 potions of attraction {unknown}
 q - a potion of invisibility {unknown}
 s - 4 potions of flight {unknown}
 w - 3 potions of lignification {unknown}
 x - 3 potions of heal wounds
 z - a potion of degeneration {unknown}
 A - 2 potions of haste {unknown}
 L - 2 potions of berserk rage {unknown}
 U - a potion of resistance {unknown}
Miscellaneous
 V - a box of beasts (inert)


   Skills:
 + Level 1.8 Fighting
 - Level 1.0 Staves
 + Level 3.5 Armour
 + Level 5.6 Dodging
 - Level 2.0 Stealth
 + Level 9.5 Spellcasting
 * Level 16.2 Conjurations
 + Level 10.5 Fire Magic


You had 20 spell levels left.
You knew the following spells:

 Your Spells              Type           Power      Damage    Failure   Level
a - Foxfire               Conj/Fire      100%       2x1d9     1%          1
b - Sticky Flame          Conj/Fire      74%        2d9       1%          4
c - Fireball              Conj/Fire      37%        3d15      1%          5

Your spell library contained the following spells:

 Spells                   Type           Power      Damage    Failure   Level
 Conjure Flame            Conj/Fire      74%        6-21      1%          3
 Inner Flame              Hex/Fire       29%        N/A       3%          3
 Corona                   Hex            10%        N/A       11%         1
 Pain                     Necr           36%        1d5       11%         1
 Corpse Rot               Necr/Air       N/A        N/A       16%         2
 Poisonous Vapours        Pois/Air       18%        N/A       16%         2
 Freezing Cloud           Conj/Ice/Air   22%        6-21      30%         5
 Agony                    Necr           9%         N/A       96%         5
 Excruciating Wounds      Necr           4%         N/A       96%         5


Dungeon Overview and Level Annotations

Branches:
Dungeon (11/15)            Temple (1/1) D:4            Lair (0/6) D:9
    Orc (0/2) D:11

Altars:
Ashenzari
Cheibriados
Dithmenos
Elyvilon
Fedhas
Gozag
Hepliaklqana
Kikubaaqudgha
Makhleb
Nemelex Xobeh
Okawaru
Qazlal
Ru
Sif Muna
Trog
Uskayaw
Vehumet
Wu Jian
Xom
Yredelemnul
Zin
The Shining One

Shops:
D:3 (:   D:9 (   D:10 =

Annotations:
D:7 Joseph
D:11 3 runed translucent doors, VictoriousLee's ghost, journeyman GrEE


Innate Abilities, Weirdness & Mutations

You have a beak for a mouth.
You have claws for feet.
Your magical nature lets you fly swiftly and evasively.


Message History

Press: ? - help, Shift-Dir - straight line, f - orc warlord
Aim: an orc warlord, wielding a +0 great sword of holy wrath, wearing a +0 plate armour and quivering stones (heavily wounded)
You feel a surge of power!
The fireball explodes!
The fireball engulfs the orc warlord!
The orc warlord is heavily wounded.
Something hits you.
Deactivating autopickup; reactivate with Ctrl-A.
Unknown command.
Something hits you but does no damage.
Casting: Fireball (dangerous; 1% risk of failure)
Confirm with . or Enter, or press ? or * to list all spells.
Aiming: Sticky Flame (safe; 1% risk of failure)
Press: ? - help, Shift-Dir - straight line You feel a surge of power!
The sticky flame hits something.
The unseen horror is covered in liquid flames!
The unseen horror burns!
The unseen horror hits you but does no damage.
Unknown command.
The unseen horror burns!
The unseen horror burns!
The unseen horror hits you but does no damage.
The unseen horror burns!
The unseen horror hits you.
The unseen horror burns!
The unseen horror burns!
The unseen horror closely misses you.
The unseen horror burns!
The unseen horror closely misses you.
The unseen horror burns!
The unseen horror hits you! The unseen horror hits you.
The unseen horror closely misses you.
The unseen horror burns!
The unseen horror hits you but does no damage.
The unseen horror burns!
The unseen horror barely misses you.
The unseen horror burns!
The unseen horror hits you.
* * * LOW HITPOINT WARNING * * *
The unseen horror burns!
You kill the unseen horror!
Sif Muna accepts your kill.
Reactivating autopickup.
The orc warlord throws a stone.
The stone hits you!
* * * LOW HITPOINT WARNING * * *
The orc warlord throws a stone.
The stone hits you!!
You die...

##########.......<....#...#..##.#
#..........#...#...#....
#........#...#...#...#..
#..#.......#...#...#....
#.)#.....#...#...#...#..
#..........#...#...#....
#........#...#...#...#..
#.)........#...#...#....
#......@.#...#...#...#.#
#..........#...#...#...#
#............#...#..##.#
#.>........##..#...###.# ###
#.).....#.#####.##....)# ..♣
#..^......# ########.# .♣
#.........# #.# ♣ #..o......# #.#
♣.♣ #.........# .#


You could see an orc warlord.

Vanquished Creatures
  A rakshasa (D:11)
  Harold (D:8)
  A boulder beetle (D:11)
  A centaur warrior (D:9)
  2 two-headed ogres
  Nergalle (D:11)
  Pikel (D:4)
  A cyclops (D:9)
  5 centaur zombies
  A gargoyle (D:10)
  3 unseen horrors (D:11)
  A kobold demonologist (D:9)
  A hornet (D:8)
  4 trolls
  2 wyverns (D:11)
  A shadow (D:11)
  A wraith (D:9)
  10 yaks
  Menkaure (D:7)
  2 steam dragons (D:8)
  A vampire mosquito (D:11)
  Edmund (D:4)
  6 water moccasins
  11 orc warriors
  5 black bears
  3 necrophages
  A sky beast (D:7)
  5 centaurs
  A lemure (D:5)
  2 kobold brigands
  Blork the orc (D:4)
  5 bullfrogs
  A gnoll sergeant (D:11)
  5 scorpions
  A wyvern zombie (D:6)
  8 wights
  2 howler monkeys (D:10)
  A jelly (D:6)
  A gnoll shaman (D:6)
  5 hounds
  4 orc priests
  Crazy Yiuf (D:2)
  Jessica (D:2)
  Natasha (twice) (D:4)
  9 orc wizards
  An iguana (D:6)
  A killer bee zombie (D:9)
  A hound zombie (D:5)
  11 gnolls
  A howler monkey zombie (D:7)
  6 adders
  2 worms
  3 dart slugs (D:3)
  30 orcs
  8 endoplasms
  7 giant cockroaches
  12 hobgoblins
  5 jackals
  14 kobolds
  5 quokkas
  6 ball pythons
  5 bats
  6 frilled lizards
  11 goblins
  5 rats
264 creatures vanquished.

Vanquished Creatures (collateral kills)
  3 foxfires
3 creatures vanquished.

Vanquished Creatures (others)
  821 foxfires
  50 fungi (D:9)
  42 plants
913 creatures vanquished.

Grand Total: 1180 creatures vanquished

Notes
Turn   | Place    | Note
-------+----------+-------------------------------------------
     0 | D:1      | rogsnak the Tengu Fire Elementalist began the quest for the
                  | Orb.
     0 | D:1      | Reached XP level 1. HP: 10/10 MP: 4/4
   322 | D:1      | Reached XP level 2. HP: 14/15 MP: 3/6
   649 | D:1      | Found a faded altar of an unknown god.
   889 | D:1      | Reached XP level 3. HP: 13/19 MP: 4/7
  1259 | D:2      | Reached skill level 2 in Conjurations
  1749 | D:2      | Reached XP level 4. HP: 24/24 MP: 4/8
  1902 | D:2      | Found a runed translucent door.
  1908 | D:2      | Learned a level 4 spell: Sticky Flame
  1936 | D:2      | Noticed Jessica
  1941 | D:2      | Reached skill level 3 in Conjurations
  1947 | D:2      | Killed Jessica
  1953 | D:2      | Got Jessica's Tome of Beguiling
  2395 | D:2      | Noticed Crazy Yiuf
  2605 | D:2      | Killed Crazy Yiuf
  2606 | D:2      | Gained mutation: Your magical nature lets you fly swiftly
                  | and evasively. [Tengu growth]
  2606 | D:2      | Reached XP level 5. HP: 16/28 MP: 5/10
  2831 | D:3      | Found Ginipsop's Antique Weapon Emporium.
  2862 | D:3      | Found Rogrysm's Book Boutique.
  2900 | D:3      | Reached skill level 4 in Conjurations
  3407 | D:3      | Reached XP level 6. HP: 32/32 MP: 9/12
  3605 | D:3      | Found a glowing silver altar of Zin.
  4151 | D:4      | Noticed Blork the orc
  4186 | D:4      | Killed Blork the orc
  4487 | D:4      | Found a radiant altar of Vehumet.
  4499 | D:4      | Reached skill level 5 in Conjurations
  4499 | D:4      | Reached skill level 5 in Fire Magic
  4575 | D:4      | Noticed Edmund
  4586 | D:4      | Killed Edmund
  4587 | D:4      | Reached skill level 1 in Staves
  4587 | D:4      | Reached XP level 7. HP: 25/36 MP: 4/14
  4763 | D:4      | Found a staircase to the Ecumenical Temple.
  4776 | Temple   | Entered the Ecumenical Temple
  5115 | D:4      | Noticed Natasha
  5122 | D:4      | Killed Natasha
  5157 | D:4      | Found a shadowy altar of Dithmenos.
  5189 | D:4      | Reached skill level 6 in Conjurations
  5428 | D:4      | Noticed Natasha
  5434 | D:4      | Killed Natasha
  5509 | D:4      | Identified the +2 robe of the Hot Ocelot {Int+4 Dex-5 SInv
                  | Archmagi}
  5828 | D:5      | Entered Level 5 of the Dungeon
  5992 | D:5      | Noticed Pikel
  6319 | D:4      | Killed Pikel
  6320 | D:4      | Reached skill level 5 in Spellcasting
  6320 | D:4      | Reached skill level 8 in Conjurations
  6320 | D:4      | Reached XP level 8. HP: 28/42 MP: 7/16
  6568 | D:5      | Learned a level 5 spell: Fireball
  7180 | D:6      | Reached skill level 9 in Conjurations
  7343 | D:6      | Reached XP level 9. HP: 46/46 MP: 13/18
  7884 | D:6      | Found a glowing golden altar of the Shining One.
  7884 | D:6      | Found a shimmering blue altar of Sif Muna.
  7891 | D:6      | Became a worshipper of Sif Muna the Loreminder
  7983 | D:6      | Reached skill level 10 in Conjurations
  8503 | D:7      | Noticed Menkaure
  8505 | D:7      | Killed Menkaure
  8759 | D:7      | Noticed Joseph
  8911 | D:7      | Found a hide-covered altar of Uskayaw.
  8936 | D:7      | Reached skill level 1 in Armour
  9095 | D:7      | Reached skill level 1 in Fighting
  9095 | D:7      | Reached skill level 11 in Conjurations
  9238 | D:7      | Reached * piety under Sif Muna
  9325 | D:8      | Reached XP level 10. HP: 51/52 MP: 16/21
 10322 | D:8      | Noticed a two-headed ogre
 10329 | D:8      | Reached skill level 12 in Conjurations
 10331 | D:8      | Killed a two-headed ogre
 10640 | D:9      | Noticed Harold
 10797 | D:9      | Noticed a cyclops
 10797 | D:9      | Noticed a kobold demonologist
 10823 | D:9      | Killed a kobold demonologist
 10824 | D:9      | Reached skill level 13 in Conjurations
 10826 | D:9      | Noticed a centaur warrior
 10937 | D:8      | Killed Harold
 10938 | D:8      | Reached skill level 5 in Dodging
 10938 | D:8      | Reached XP level 11. HP: 15/56 MP: 9/24
 11230 | D:9      | Reached ** piety under Sif Muna
 11235 | D:9      | Killed a centaur warrior
 11559 | D:9      | Killed a cyclops
 11702 | D:9      | Reached skill level 14 in Conjurations
 11994 | D:9      | Found a staircase to the Lair.
 12352 | D:9      | Found Ceocrim's Weapon Boutique.
 12856 | D:10     | Entered Level 10 of the Dungeon
 12856 | D:10     | Found Ogepnu Rigib's Jewellery Emporium.
 13857 | D:10     | Reached *** piety under Sif Muna
 14331 | D:11     | Found a runed translucent gate.
 14331 | D:11     | Noticed a cyclops
 14332 | D:11     | Found a runed translucent gate.
 14333 | D:11     | Found a runed translucent gate.
 14339 | D:11     | Noticed a minotaur
 14341 | D:11     | Noticed a two-headed ogre
 14341 | D:11     | Noticed VictoriousLee's ghost (journeyman GrEE)
 14356 | D:11     | Noticed a two-headed ogre
 14359 | D:11     | Killed a two-headed ogre
 14360 | D:11     | Reached skill level 15 in Conjurations
 14362 | D:11     | Noticed a boulder beetle
 14469 | D:11     | Reached skill level 10 in Fire Magic
 14529 | D:11     | Noticed a rakshasa
 14814 | D:11     | Killed a rakshasa
 14815 | D:11     | Reached XP level 12. HP: 42/61 MP: 5/26
 14933 | D:11     | Killed a boulder beetle
 15439 | D:11     | Noticed Nergalle
 15796 | D:11     | Killed Nergalle
 15797 | D:11     | Reached skill level 16 in Conjurations
 16203 | D:11     | Reached **** piety under Sif Muna
 16386 | D:11     | Found a staircase to the Orcish Mines.
 16444 | D:11     | Noticed an orc warlord
 16465 | D:11     | Hit by a stone thrown by an orc warlord

Illustrated notes

Levels and vault maps discovered:
D:1:      saegor_arrival_simple_b, layout_loops_ring,
          dilly_ecumenical_altar_fadedgnrine, minmay_stone_trees_small,
          minmay_box_of_dots
D:2:      layout_basic, kennysheep_jessica_study, uniq_crazy_yiuf_cottage
D:3:      layout_loops_ring, marbit_many_paths, serial_shops, shop_statue, shop,
          guppyfry_early_orc_mine
D:4:      layout_basic, nicolae_overflow_crystal_walls, vehumet_altar_wand_db,
          minmay_temple_entry_statues_fountains, serial_co_window_serial,
          co_window_paths_a, co_window_corner_a, co_window_corner_a,
          co_window_paths_b, co_window_cross_1, co_window_of_opportunity_c,
          co_window_broadway_c, co_window_of_opportunity_c,
          co_window_broadway_c, co_window_unsneaky_path_b, co_window_corner_b,
          glass_columns_a, glass_columns_b, glass_columns_b, glass_columns_b,
          glass_columns_b, uniq_edmund, uniq_blork_the_orc, uniq_natasha
D:5:      layout_rooms, uniq_pikel
D:6:      layout_basic, gammafunk_temple_overflow_pools
D:7:      layout_rooms, eat_drink_and_be_merry_uskayaw, the_hattery,
          uniq_joseph, uniq_menkaure
D:8:      layout_rooms
D:9:      layout_basic, due_lair_maze_entry_diamond, serial_shops,
          nicolae_square_shop, serial_bayou_pond_b, kennysheep_generic_room_9,
          uniq_harold
D:10:     layout_cave_pods, serial_column_ruins, column_ruins_square_medium,
          column_ruins_corridor_corner, column_ruins_corridor_corner,
          column_ruins_columns_straight, column_ruins_columns_straight,
          serial_shops, nicolae_stop_n_shop_1
D:11:     nzn_winding_woodlands_medium [nzn_winding_woodlands_5x5_open_star,
          nzn_winding_woodlands_5x15_lazy_stream,
          nzn_winding_woodlands_5x5_perimeter, nzn_winding_woodlands_5x5_cross,
          nzn_winding_woodlands_center_diamonds,
          nzn_winding_woodlands_5x5_default, nzn_winding_woodlands_5x5_default,
          nzn_winding_woodlands_5x15_pockets,
          nzn_winding_woodlands_5x5_closed_star], layout_rooms, david_orc_4,
          maelrawn_ghost_gauntlet_escape, hex_medium, uniq_urug, uniq_nergalle
Temple:   regret_index_temple_sphere_string

Skill      XL: |  1  2  3  4  5  6  7  8  9 10 11 12 |
---------------+-------------------------------------+-----
Fire Magic     | 4 5 6 7 9 10 | 10.5
Conjurations   | 2 3 4 5 8 9 11 13 15 16 | 16.2
Spellcasting   | 3 4 5 6 8 9 |  9.5
Staves         | 1 |  1.0
Dodging        | 3 4 5 |  5.6
Armour         | 1 2 3 |  3.5
Fighting       | 1 |  1.8
Stealth        | |  2.0

Action                   |  1- 3 |  4- 6 |  7- 9 | 10-12 || total
-------------------------+-------+-------+-------+-------++-------
Melee: Club              |    12 |     2 |       |       ||    14
       Peck              |     2 |       |     4 |     6 ||    12
       Kick              |       |     4 |     1 |     7 ||    12
       Quarterstaff      |       |    21 |     5 |       ||    26
       Whip              |       |       |    13 |       ||    13
       Short sword       |       |       |     5 |     9 ||    14
       Staff             |       |       |     4 |    29 ||    33
 Cast: Foxfire           |    78 |    92 |   151 |   185 ||   506
       Sticky Flame      |       |     5 |    20 |    45 ||    70
       Fireball          |       |       |     5 |    70 ||    75
Evoke: Wand              |       |       |     1 |     1 ||     2
       Box of beasts     |       |       |       |     1 ||     1
Armor: Robe              |     2 |     1 |     6 |       ||     9
       Leather armour    |       |       |    10 |    41 ||    51
Dodge: Dodged            |     9 |    24 |    39 |    96 ||   168
